 Dungeon Crawl Stone Soup version 0.19.4-9-g45fd643 (webtiles) character file.

343 LORDOFBUTT the Sneak (level 6, -2/28 HPs)
             Began as a Spriggan Enchanter on Feb 16, 2017.
             Slain by a centaur zombie (6 damage)
             ... in an ossuary.
             The game lasted 00:05:40 (3265 turns).

LORDOFBUTT the Sneak (Spriggan Enchanter)           Turns: 3265, Time: 00:05:41

Health: -2/28      AC:  4    Str:  6    XL:     6   Next: 31%
Magic:  14/14      EV: 20    Int: 16    God:
Gold:   220        SH:  0    Dex: 17    Spells: 3 memorised, 8 levels left

rFire  . . .     SeeInvis +     a - +1 dagger
rCold  + . .     Gourm    .     b - +1 robe
rNeg   . . .     Faith    .     (shield restricted)
rPois  .         Spirit   .     (helmet restricted)
rElec  .         Reflect  .     p - +0 cloak
rCorr  +         Harm     .     (gloves unavailable)
MR     +....                    (boots unavailable)
Stlth  +++.......               (no amulet)
                                g - ring of resist corrosion
                                f - ring of protection from cold

@: very quick
A: unfitting armour, see invisible, herbivore 3, speed 3, slow metabolism 2
a: no special abilities


You were in an ossuary.
You were not hungry.

You visited 1 branch of the dungeon, and saw 4 of its levels.
You also visited: Ossuary.

You collected 220 gold pieces.

Inventory:

Hand Weapons
 a - a +1 dagger (weapon)
Armour
 b - a +1 robe (worn)
 p - a +0 cloak (worn)
Jewellery
 f - a ring of protection from cold (left hand)
 g - a ring of resist corrosion (right hand)
 l - an uncursed amulet of the gourmand {unknown}
 u - an uncursed amulet of magic regeneration {unknown}
Scrolls
 e - a scroll of blinking {unknown}
 h - a scroll of amnesia {unknown}
 i - 3 scrolls of identify {unknown}
 j - 4 scrolls of remove curse {unknown}
 n - a scroll of magic mapping {unknown}
 o - a scroll of teleportation {unknown}
 r - 2 scrolls of recharging {unknown}
Potions
 k - 3 potions of curing {unknown}
 q - a potion of haste {unknown}
 s - a potion of berserk rage {unknown}
 t - a potion of lignification {unknown}
Books
 c - a book of Maledictions

   Spells                             Type                      Level
   a - Corona                         Hexes                        1
   b - Ensorcelled Hibernation        Hexes/Ice                    2
   c - Confuse                        Hexes                        3
   d - Tukima's Dance                 Hexes                        3
   e - Dazzling Spray                 Conjuration/Hexes            3
Comestibles
 d - 2 bread rations


   Skills:
 + Level 2.6 Short Blades
 + Level 4.6 Dodging
 + Level 5.3 Stealth
 * Level 4.9 Spellcasting
 * Level 5.2 Hexes
 + Level 1.2 Ice Magic


You had 8 spell levels left.
You knew the following spells:

 Your Spells              Type           Power        Failure   Level  Hunger
a - Corona                Hex            ###....      1%          1    None
b - Ensorcelled Hibernat  Hex/Ice        ##....       10%         2    ##.....
c - Confuse               Hex            ###.....     6%          3    ###....


Dungeon Overview and Level Annotations

Branches:
Dungeon (4/15)
 Temple: D:4-7

Altars:

Shops:
D:4 }


Innate Abilities, Weirdness & Mutations

You are very small and have problems with some larger weapons.
You are too small for most types of armour.
You have supernaturally acute eyesight. (SInv)
You are a herbivore.
You cover ground extremely quickly.
You need consume almost no food.


Message History

The scorpion closely misses you. The mummy misses you.
You hit the scorpion zombie but do no damage.
The scorpion zombie is almost destroyed.
The centaur zombie misses you. x2
The hobgoblin zombie completely misses you.
The centaur zombie completely misses you.
You barely miss the scorpion zombie.
The scorpion zombie is almost destroyed.
The centaur zombie completely misses you.
The scorpion stings you. The scorpion zombie hits you.
The centaur zombie hits you but does no damage.
The hobgoblin zombie misses you. The mummy hits you.
You hit the scorpion zombie but do no damage.
The scorpion zombie is almost destroyed.
The centaur zombie hits you.
The scorpion stings you but does no damage.
The scorpion zombie hits you.
* * * LOW HITPOINT WARNING * * *
The centaur zombie hits you.
You die...

#...#...#^..
##+###########'#######'#
#.....#.....#^^^#...#...
#.....#.....'^^.#...8...
#.....8.....#.^.#.......
#...........######8...8#
#...........#Z.=#.......
###8..Z.Z8###..!#...8...
#....ZZ@s...#...#...#...
#.....Z.M...##'###'#####
#.....8.....#...#...#...
#.....#.....'...#.∩.'.∩.
#.....#.....#.. #...#...
########################


You could see a mummy, a scorpion, a scorpion zombie, a hobgoblin zombie, 2
centaur zombies and a human zombie.

Vanquished Creatures
  2 scorpions (Ossuary)
  A hound (D:4)
  A human zombie (Ossuary)
  2 worker ants (D:4)
  5 adders
  4 worms (D:2)
  4 dart slugs
  7 orcs (D:3)
  3 giant cockroaches
  6 goblins
  2 hobgoblins (D:1)
  6 jackals
  A quokka (D:3)
  2 ball pythons
  12 bats
  9 frilled lizards
  A hobgoblin zombie (Ossuary)
  3 kobolds
  An orc zombie (Ossuary)
  8 rats
80 creatures vanquished.

Notes
Turn   | Place    | Note
-------+----------+-------------------------------------------
     0 | D:1      | LORDOFBUTT the Spriggan Enchanter began the quest for the Orb.
     0 | D:1      | Reached XP level 1. HP: 9/9 MP: 5/5
   204 | D:1      | Reached XP level 2. HP: 13/13 MP: 7/7
   247 | D:1      | Learned a level 2 spell: Ensorcelled Hibernation
   812 | D:2      | Reached XP level 3. HP: 16/16 MP: 8/8
  1488 | D:3      | Reached XP level 4. HP: 21/21 MP: 0/10
  2572 | D:4      | Reached XP level 5. HP: 24/24 MP: 5/12
  2598 | D:4      | Reached skill level 5 in Stealth
  2601 | D:4      | Reached skill level 5 in Hexes
  2613 | D:4      | Found Sylida's Gadget Shop.
  2675 | D:4      | Found a sand-covered staircase.
  2683 | Ossuary  | Entered an ossuary
  2711 | Ossuary  | Learned a level 3 spell: Confuse
  2731 | Ossuary  | Reached skill level 1 in Ice Magic
  2761 | Ossuary  | Reached XP level 6. HP: 14/28 MP: 0/14
  3265 | Ossuary  | Slain by a centaur zombie

Skill      XL: |  1  2  3  4  5 |
---------------+----------------+-----
Spellcasting   | 3 4 |  4.9
Hexes          | 4 5 |  5.2
Dodging        | 4 |  4.6
Short Blades   | 2 |  2.6
Stealth        | 5 |  5.3
Ice Magic      | 1 |  1.2

Action                   |  1- 3 |  4- 6 || total
-------------------------+-------+-------++-------
Melee: Dagger            |   145 |   161 ||   306
 Cast: Ensorcelled Hiber |     6 |    23 ||    29
       Confuse           |       |     1 ||     1
 Stab: Sleeping          |    23 |    16 ||    39
       Distracted        |     1 |       ||     1
       Confused          |       |     1 ||     1
  Eat: Pizza             |       |     2 ||     2
Armor: Robe              |    22 |    19 ||    41
Dodge: Dodged            |    96 |   164 ||   260
